 Dungeon Crawl Stone Soup version 0.31-a0-175-g9f7f995f2b (webtiles) character file.

Game seed: 13502752358590795894

20 qw the Shield-Bearer (level 2, -6/19 HPs)
             Began as a Gargoyle Fighter on June 17, 2023.
             Mangled by a gnoll
             ... wielding a +0 flail
              (10 damage)
             ... on level 2 of the Dungeon.
             The game lasted 00:00:24 (993 turns).

qw the Shield-Bearer (Gargoyle Fighter)              Turns: 993, Time: 00:00:25

Health: -6/19      AC: 10    Str: 19    XL:     2   Next: 79%
Magic:  2/2        EV:  9    Int:  8    God:
Gold:   21         SH:  4    Dex:  9    Spells: 1/1 levels left

rFire   . . .        Y - +0 war axe
rCold   . . .        c - +0 buckler
rNeg    + . .        b - +0 scale mail
rPois   inf          f - +1 hat
rElec   +            (no cloak)
rCorr   +            (no gloves)
SInv    .            (no boots)
Will    .....        (no amulet) Stlth
                     i - ring of resist corrosion
HPRegen 0.23/turn    (no ring)
MPRegen 0.08/turn

%: no passive effects
@: no status effects
A: sickness immunity, AC +2, negative energy resistance 1, electricity
resistance, torment resistance 1, petrification resistance
a: no special abilities


You were on level 2 of the Dungeon.
You visited 1 branch of the dungeon, and saw 2 of its levels.

You collected 21 gold pieces.


Innate Abilities, Weirdness & Mutations

You are immune to sickness and miasma.
Your stone body is resilient. (AC +2)
You are immune to poison.
You resist negative energy. (rN+)
You are resistant to electric shocks. (rElec)
You are resistant to unholy torment.
You are immune to petrification.


   Skills:
 - Level 3.2 Fighting
 + Level 2.9 Axes
 - Level 3.2 Armour
 - Level 3.2 Shields


You had one spell level left.
You didn't know any spells.
Your spell library was empty.

Inventory:

Hand Weapons
 j - a +0 club
 Y - a +0 war axe (weapon)
Armour
 b - a +0 scale mail (worn)
 c - a +0 buckler (worn)
 f - a +1 hat (worn)
Jewellery
 i - a ring of resist corrosion (left hand)
Scrolls
 a - a scroll of identify
 e - a scroll of fear {unknown}
Potions
 d - a potion of might
 g - 2 potions of curing {unknown}

Dungeon Overview and Level Annotations

Branches:
Dungeon (2/15)

Altars:


Message History

Found an escape hatch in the floor.
There is an escape hatch in the floor here.
Found a stone staircase leading down.
Found a book of Chaos.
There is a stone staircase leading down here.
e - a scroll labelled BIGAEM JETICE
Found a war axe.
g - 2 coppery potions A gnoll comes into view.
It is wielding a +0 flail.
The gnoll shouts!
You hear a shout! x2
A gnoll comes into view. It is wielding a +0 spear.
983 ||| Stepping ~*~*~tactically~*~*~ (stealth). 2 gnolls and a bat come into view.
The gnoll shouts! x2
985 ||| Stepping ~*~*~tactically~*~*~ (hiding).
The bat hits you but does no damage. x2
You closely miss the bat. The bat barely misses you.
You hit the gnoll but do no damage. You slash the bat!
You kill the bat!
The gnoll hits you but does no damage.
You closely miss the gnoll. The gnoll barely misses you.
The gnoll hits you with a +0 flail! The gnoll barely misses you.
You block the gnoll's attack.
You hit the gnoll.
The gnoll is heavily wounded.
You closely miss the gnoll.
The gnoll hits you from afar with a +0 spear.
The gnoll hits you with a +0 flail. The gnoll closely misses you.
You closely miss the gnoll.
The gnoll is heavily wounded.
You closely miss the gnoll.
The gnoll hits you from afar with a +0 spear.
The gnoll hits you but does no damage. x2
You closely miss the gnoll.
The gnoll is heavily wounded.
You closely miss the gnoll. You block the gnoll's attack.
The gnoll hits you with a +0 flail!
Ouch! That really hurt!
You die...

#.###### ##.# #.###
#......#####.# #.#
###.......##.#######.#
#.##.##.##.##.)....#
#.##.##.##<##.######
#.##..........#
#.#####.#.#.###
#.#####g#...#
#.....@g...##
########g..# #...#
#...# #...# .g.. ..g..
......


You could see 3 gnolls.

Vanquished Creatures
  A dart slug (D:1)
  A giant cockroach (D:1)
  A hobgoblin (D:1)
  2 quokkas (D:1)
  4 bats
  A frilled lizard (D:1)
  3 goblins (D:1)
  2 kobolds (D:1)
  A rat (D:1)
16 creatures vanquished.

Notes
Turn   | Place    | Note
-------+----------+-------------------------------------------
     0 | D:1      | qw the Gargoyle Fighter began the quest for the Orb.
     0 | D:1      | Reached XP level 1. HP: 14/14 MP: 1/1
     0 | D:1      | 0 ||| qw: Version: 0.3-a-2-g5ab2908
     0 | D:1      | 0 ||| qw: Game counter: 295
     0 | D:1      | 0 ||| qw: Always use a shield: true
     0 | D:1      | 0 ||| qw: God list: Okawaru
     0 | D:1      | 0 ||| qw: Allow faded altars: false
     0 | D:1      | 0 ||| qw: Do Orc after D:15 true
     0 | D:1      | 0 ||| qw: Do second Lair branch before Depths: true
     0 | D:1      | 0 ||| qw: Lair rune preference: random
     0 | D:1      | 0 ||| qw: Plans: Normal, Zot:1-4, Slime:5, God:TSO, Crypt,
                  | Tomb, Abyss, Pan, Hells, Win
     0 | D:1      | 0 ||| PLANNING D:1-11
   298 | D:1      | Found a faded altar of an unknown god.
   322 | D:1      | 322 ||| Stepping ~*~*~tactically~*~*~ (stealth).
   393 | D:1      | Reached XP level 2. HP: 19/19 MP: 2/2
   846 | D:1      | 846 ||| UPGRADING to +1 hat.
   851 | D:1      | 851 ||| DROPPING +3 leather armour.
   852 | D:1      | 852 ||| DROPPING ring of magical power.
   853 | D:1      | 853 ||| UPGRADING to ring of resist corrosion.
   854 | D:1      | 854 ||| READING 2 scrolls labelled WOTAPISUWA.
   983 | D:2      | 983 ||| Stepping ~*~*~tactically~*~*~ (stealth).
   985 | D:2      | 985 ||| Stepping ~*~*~tactically~*~*~ (hiding).
   992 | D:2      | HP: 4/19 [gnoll/+0 spear (1)]
   993 | D:2      | Mangled by a gnoll

Levels and vault maps discovered:
D:1:      dpeg_arrival_stonehenge_8_columns, layout_loops_corners,
          shapermc_ecumenical_altar_mp_ritualfount
D:2:      layout_loops_cross, chequers_garden

Skill      XL: |  1 |
---------------+----+-----
Axes           | 2 |  2.9
Fighting       | |  3.2
Armour         | |  3.2
Shields        | |  3.2

Action                     || total
---------------------------++-------
  Melee: War axe           ||    67
    Use: Scroll            ||     1
 Armour: Scale mail        ||    42
  Dodge: Dodged            ||    27
  Block: Buckler           ||    15

Table legend:
 A = Non-vault XP
 B = Vault XP
 C = Vault XP percentage of total XP
 D = Non-vault monster count
 E = Vault monster count
 F = Vault count percentage of total count
                 A         B        C        D         E       F
            +---------+---------+-------+---------+---------+-------
      Total |      29 |       0 |   0.0 |      16 |       0 |   0.0
            +---------+---------+-------+---------+---------+-------
        D:1 |      27 |       0 |   0.0 |      15 |       0 |   0.0
        D:2 |       2 |       0 |   0.0 |       1 |       0 |   0.0
            +---------+---------+-------+---------+---------+-------
